 Dungeon Crawl Stone Soup version 0.28-a0-233-gb8ca4b6547 (webtiles) character file.

Game seed: 2841031313999444361

512 timneilson the Shield-Bearer (level 7, -5/44 HPs)
             Began as a Gargoyle Fighter on Aug 22, 2021.
             Slain by Duvessa (10 damage)
             ... on level 4 of the Dungeon.
             The game lasted 00:05:50 (3431 turns).

timneilson the Shield-Bearer (Gargoyle Fighter)     Turns: 3431, Time: 00:05:51

Health: -5/44      AC: 13    Str: 21    XL:     7   Next: 19%
Magic:  7/7        EV:  7    Int:  9    God:
Gold:   58         SH:  9    Dex:  9    Spells: 6/6 levels left

rFire   . . .      SeeInvis .   a - +0 long sword
rCold   . . .      Faith    .   c - +1 kite shield
rNeg    + + .      Spirit   .   b - +0 scale mail
rPois   ∞          Reflect  .   i - +0 helmet
rElec   +          Harm     .   (no cloak)
rCorr   .          Rampage  .   (no gloves)
Will    .....                   (no boots)
Stlth   ..........              m - amulet of the acrobat
HPRegen 0.14/turn               d - ring of positive energy
MPRegen 0.10/turn               (no ring)

@: no status effects
A: sickness immunity, AC +4, negative energy resistance 1, electricity
resistance, torment resistance 1, petrification resistance
a: no special abilities


You were on level 4 of the Dungeon.
You visited 1 branch of the dungeon, and saw 4 of its levels.

You collected 58 gold pieces.

Inventory:

Hand Weapons
 a - a +0 long sword (weapon)
Missiles
 f - a throwing net (quivered)
Armour
 b - a +0 scale mail (worn)
 c - a +1 kite shield (worn)
 i - a +0 helmet (worn)
Jewellery
 d - a ring of positive energy (left hand)
 m - an amulet of the acrobat (around neck)
Scrolls
 e - a scroll of fear
Potions
 g - a potion of heal wounds
 h - a potion of mutation


   Skills:
 + Level 4.4 Fighting
 * Level 3.9 Long Blades
 * Level 5.3 Armour
 * Level 5.4 Shields


You had 6 spell levels left.
You didn't know any spells.
Your spell library contained the following spells:

 Spells                   Type           Power      Damage    Failure   Level
 Shock                    Conj/Air       0%         1d3       98%         1
 Ozocubu's Armour         Ice            0%         N/A       100%        3
 Swiftness                Air            0%         N/A       100%        3
 Airstrike                Air            0%         N/A       100%        4
 Metabolic Englaciation   Hex/Ice        0%         N/A       100%        5
 Simulacrum               Ice/Necr       0%         N/A       100%        6


Dungeon Overview and Level Annotations

Branches:
Dungeon (4/15)
 Temple: D:4-7

Altars:
Xom

Annotations:
D:4 Dowan, Duvessa


Innate Abilities, Weirdness & Mutations

You are immune to sickness and miasma.
Your stone body is resilient. (AC +4)
You are immune to poison.
You resist negative energy. (rN+)
You are resistant to electric shocks. (rElec)
You are resistant to unholy torment.
You are immune to petrification.


Message History

Duvessa is lightly wounded.
Duvessa hits you with a +0 short sword. x2
You barely miss Duvessa.
Duvessa is lightly wounded.
You block Duvessa's attack. x2
It was a potion of ambrosia.
You are confused.
You feel invigorated. Duvessa hits you with a +0 short sword.
Duvessa gestures with her weapon.
Duvessa hits you but does no damage.
It was a potion of cancellation.
Your magical effects are unravelling.
You feel magically purged.
You feel less invigorated.
You feel less confused. Duvessa barely misses you.
You barely miss Duvessa.
Duvessa is lightly wounded.
You block Duvessa's attack. Duvessa hits you with a +0 short sword.
You block Duvessa's attack.
You slash Duvessa!
Duvessa is moderately wounded.
Duvessa hits you with a +0 short sword.
* * * LOW HITPOINT WARNING * * *
Duvessa hits you but does no damage.
You barely miss Duvessa.
Duvessa is moderately wounded.
The jelly quivers.
You block Duvessa's attack. Duvessa hits you but does no damage.
You closely miss Duvessa.
Duvessa is moderately wounded.
Duvessa hits you with a +0 short sword.
* * * LOW HITPOINT WARNING * * *
Duvessa says, "Where magic fails, the sword succeeds!"
Duvessa hits you with a +0 short sword.
* * * LOW HITPOINT WARNING * * *
You hit Duvessa.
Duvessa is heavily wounded.
Duvessa drinks a potion.
Duvessa is healed!
Duvessa hits you with a +0 short sword!
You die...

#...# #####.
#.### #. #.#
###. #)#
#... ##.#
...#.#. #..#
...#.#. #.##
....... #.#
#.#.#. #@#
#.#. #e#
...#>..
###e####
.......
###..J...#
...####
#........#.#
.. #
#.e#####...#
....... #..
#.#..#
.....## #e
#J# #.# ....
# . #S# ..#
... .


You could see Duvessa (fast), Dowan and a jelly.

Vanquished Creatures
  Sigmund (D:2)
  A black bear (D:4)
  An iguana (D:4)
  Jessica (D:3)
  2 orc wizards (D:3)
  Robin (D:3)
  8 gnolls
  An adder (D:4)
  A worm (D:2)
  5 orcs (D:3)
  3 ball pythons
  4 bats (D:1)
  4 endoplasms
  A giant cockroach (D:1)
  15 goblins
  6 hobgoblins
  3 jackals (D:1)
  4 kobolds
  A quokka (D:4)
  4 frilled lizards (D:1)
  3 rats
70 creatures vanquished.

Notes
Turn   | Place    | Note
-------+----------+-------------------------------------------
     0 | D:1      | timneilson the Gargoyle Fighter began the quest for the
                  | Orb.
     0 | D:1      | Reached XP level 1. HP: 14/14 MP: 1/1
    84 | D:1      | Reached XP level 2. HP: 11/19 MP: 2/2
   886 | D:1      | Reached XP level 3. HP: 23/23 MP: 3/3
  1236 | D:2      | Noticed Sigmund
  1246 | D:2      | Killed Sigmund
  1247 | D:2      | Reached XP level 4. HP: 23/29 MP: 4/4
  1247 | D:2      | Reached XP level 5. HP: 26/33 MP: 5/5
  1535 | D:2      | Found a shimmering altar of Xom.
  2045 | D:3      | Noticed Robin
  2077 | D:3      | Killed Robin
  2078 | D:3      | Reached XP level 6. HP: 24/38 MP: 6/6
  2421 | D:3      | Noticed Jessica
  2441 | D:3      | Killed Jessica
  2845 | D:3      | Reached skill level 5 in Armour
  2845 | D:3      | Reached skill level 5 in Shields
  3062 | D:4      | Noticed a black bear
  3075 | D:4      | Noticed Dowan
  3077 | D:4      | Noticed Duvessa
  3078 | D:4      | Killed a black bear
  3079 | D:4      | Reached XP level 7. HP: 21/44 MP: 7/7
  3431 | D:4      | Slain by Duvessa

Illustrated notes

Levels and vault maps discovered:
D:1:      onia_arrival_mini_spirals, layout_loops_ring, serial_rivers,
          chequers_serial_rivers_room_a, chequers_serial_rivers_small_b,
          chequers_serial_rivers_small_a, chequers_serial_rivers_large_a,
          chequers_serial_rivers_room_a, chequers_serial_rivers_micro_d,
          grunt_decor_clamped
D:2:      layout_loops_ring, basic_altar, serial_bayou_lagoon_a, uniq_sigmund
D:3:      layout_rooms, uniq_robin, uniq_jessica
D:4:      layout_loops_cross, mainiacjoe_overflow_surrounded_room,
          minmay_circle_x, uniq_duvessa

Skill      XL: |  1  2  3  4  5  6 |
---------------+-------------------+-----
Long Blades    | 2 3 |  3.9
Armour         | 4 5 |  5.3
Shields        | 4 5 |  5.4
Fighting       | 4 |  4.4

Action                   |  1- 3 |  4- 6 |  7- 9 || total
-------------------------+-------+-------+-------++-------
Melee: Long sword        |    87 |   146 |    32 ||   265
  Use: Scroll            |     4 |     4 |       ||     8
       Potion            |     1 |     3 |     2 ||     6
 Stab: Invisible         |       |     1 |       ||     1
Armor: Scale mail        |    58 |    86 |    10 ||   154
Dodge: Dodged            |    26 |    56 |     5 ||    87
Block: Kite shield       |    35 |    89 |    21 ||   145
       Rpst.: Long sword |     7 |    14 |     2 ||    23

Table legend: (Time is in decaauts)
 A = Elapsed time spent in this place.
 B = Non-inter-level travel time spent in this place.
 C = Inter-level travel time spent in this place.
 D = Time resting spent in this place.
 E = Time spent auto-exploring this place.
 F = Levels seen in this place.
 G = Mean time per level.
                   A        B        C        D        E       F      G
               +--------+--------+--------+--------+--------+-----+--------+
         Total |   3574 |   3451 |    123 |    437 |   2218 |   4 |  893.5 |
       Dungeon |   3574 |   3451 |    123 |    437 |   2218 |   4 |  893.5 |
               +--------+--------+--------+--------+--------+-----+--------+

Top non-repeatable levels by time:
     D:1: 1292 daAuts
     D:3: 1015 daAuts
     D:2: 684 daAuts
     D:4: 581 daAuts
